 Dungeon Sprint DCSS version 0.26-a0-851-g735459dd53 (webtiles) character file.

Game seed: 2617484779975638248

31761 Conn the Eclecticist (level 13, -1/86 HPs)
             Began as an Octopode Fire Elementalist on Nov 21, 2020.
             Was the Champion of Vehumet.
             Slain by a redback (11 damage)
             ... in the Dungeon (Sprint VII: "The Pits").
             The game lasted 01:08:37 (6840 turns).

Conn the Eclecticist (Octopode Fire Elementalist)   Turns: 6840, Time: 01:08:38

Health: -1/86      AC:  1    Str:  7    XL:     13   Next: 60%
Magic:  23/35      EV: 21    Int: 23    God:    Vehumet [******]
Gold:   65         SH:  0    Dex: 15    Spells: 3/49 levels left

rFire    . . .     SeeInvis .   p - +2 rapier (distort)
rCold    + . .     Faith    .   (no shield)
rNeg     . . .     Spirit   .   (helmet restricted)
rPois    .         Reflect  .   (no amulet)
rElec    .         Harm     .   m - +3 ring of dexterity
rCorr    +         Rampage  .   n - +3 ring of evasion
MR       .....     NoTele   +   q - ring of protection from cold
Stlth    +++++.....             z - ring of resist corrosion
HPRegen  0.24/turn              (no ring)
MPRegen  0.24/turn              (no ring)
                                (no ring)
                                (no ring)

@: slowed, very slow
A: almost no armour, stealthy swim, amphibious, 8 rings, constrict 8, camouflage
1, gelatinous body 1
a: Renounce Religion


You were in the Dungeon.
You worshipped Vehumet.
Vehumet was exalted by your worship.
You visited 1 branch You collected 65 gold pieces.

Inventory:

Hand Weapons
 a - a +2 dagger
 g - a +5 quick blade
 l - a +2 dagger of electrocution
 p - a +2 rapier of distortion (weapon)
 x - the +5 hand crossbow "Fiherenu" {penet, rC+}
   (You found it in the Dungeon)

   Ammo fired by it will pass through the targets it hits, potentially hitting
   all targets in its path until it reaches maximum range.
   It protects you from cold.
Armour
 y - a +0 buckler
Jewellery
 m - a +3 ring of dexterity (left tentacle)
 n - a +3 ring of evasion (right tentacle)
 q - a ring of protection from cold (on tentacle)
 s - an uncursed ring of ice
 z - a ring of resist corrosion (on tentacle)
Scrolls
 i - 4 scrolls of remove curse
 j - a scroll of amnesia
 k - a scroll of summoning
 t - 2 scrolls of enchant armour
 u - 2 scrolls of identify
 v - 4 scrolls of enchant weapon
 w - 2 scrolls of fog
Potions
 b - 9 potions of curing
 c - 14 potions of heal wounds
 d - 3 potions of haste
 e - 3 potions of magic
 f - 6 potions of berserk rage
 h - 2 potions of invisibility
 o - 2 potions of mutation
 r - 2 potions of brilliance
Miscellaneous
 A - a condenser vane


   Skills:
 + Level 7.3 Fighting
 + Level 9.3 Short Blades
 + Level 8.0 Dodging
 - Level 8.0 Stealth
 + Level 3.6 Shields
 + Level 18.9 Spellcasting
 + Level 16.8 Conjurations
 + Level 6.7 Summonings
 + Level 5.6 Translocations
 + Level 12.5 Fire Magic
 + Level 5.9 Air Magic
 * Level 0.6 Earth Magic
 + Level 7.7 Poison Magic


You had 3 spell levels left.
You knew the following spells:

 Your Spells              Type           Power        Failure   Level
a - Foxfire               Conj/Fire      ####         0%          1
b - Searing Ray           Conj           ######       0%          2
c - Orb of Destruction    Conj           #######...   1%          7
d - Lehudib's Crystal Sp  Conj/Erth      ######....   67%         8
e - Mephitic Cloud        Conj/Pois/Air  ######..     1%          3
f - Spellforged Servitor  Conj/Summ      ######....   4%          7
g - Iskenderun's Mystic   Conj/Tloc      ######..     1%          4
h - Fireball              Conj/Fire      ######....   1%          5
i - Starburst             Conj/Fire      ######....   1%          6
j - Inner Flame           Hex/Fire       ######..     1%          3

Your spell library contained the following spells:

 Spells                   Type           Power        Failure   Level
 Chain Lightning          Conj/Air       ######....   32%         8
 Absolute Zero            Ice            ###.......   100%        9
 Conjure Flame            Conj/Fire      ######..     0%          3
 Frozen Ramparts          Ice            ###...       1%          3
 Sticky Flame             Conj/Fire      ######..     1%          4


Dungeon Overview and Level Annotations

Branches:
Dungeon (1/1)

Altars:
Ashenzari
Cheibriados
Dithmenos
Elyvilon
Fedhas
Gozag
Hepliaklqana
Kikubaaqudgha
Makhleb
Nemelex Xobeh
Okawaru
Qazlal
Ru
Sif Muna
Trog
Uskayaw
Vehumet
Wu Jian
Xom
Yredelemnul
Zin
The Shining One
Beogh
Jiyva
Lugonu

Annotations:
D Snorg


Innate Abilities, Weirdness & Mutations

You cannot wear most types of armour.
You are very stealthy in the water. (Stealth+)
You are amphibious.
You can wear up to eight rings at the same time.
You can use your tentacles to constrict eight enemies at once.
Your skin changes colour to match your surroundings (Stealth+).
Your rubbery body absorbs attacks. (AC +1, EV +1)


Message History

Okay, then.
Unknown command.
Unknown command.
Casting: Iskenderun's Mystic Blast (safe; 1% risk of failure)
Confirm with . or Enter, or press ? or * to list all spells.
The bolt of fire hits the four-headed hydra!!
You kill the four-headed hydra!
Vehumet accepts your kill.
You feel your power returning.
The bolt of fire hits the death cob!!!
You destroy the death cob!
Vehumet accepts your kill.
You feel your power returning.
The bolt of fire hits the killer bee!!!
You kill the killer bee!
Vehumet accepts your kill.
You feel your power returning.
The redback is engulfed in noxious fumes.
A tarantella comes into view.
The anaconda is engulfed in noxious fumes.
The redback bites you!
You die...

#..################..##. #..## #y
#..##. #..#h# #s #..##. #..# y#
#s #..### #..# s# #y #..### #..#
.#° #..##. #..#####S#######
#..##. ##########......s.*○○....
#. _______.##......@s..8.... #.
_______.###########++#### #.
_____...###########++###########.
#######'##................##..##.
(.')))'.##......#..#.....(##..##.
#######.##.........)......''..###
.....).).'.).).)..........''..###
####'#####......#..#......##.....
..#...'.##............(...##.....


You could see an emperor scorpion, an anaconda, a tarantella (wandering), 2
vampire mosquitoes, 2 redbacks and a friendly spellforged servitor (summoned).

Vanquished Creatures
  A death cob (D)
  An orc warlord (D)
  A frost giant (D)
  A balrug (D)
  A minotaur (D)
  A yaktaur captain (D)
  A vault guard (D)
  3 naga warriors (D)
  A boulder beetle (D)
  A hydra (D)
  An alligator snapping turtle (D)
  A sun demon (D)
  3 deep elf knights (D)
  A skeletal warrior (D)
  A swamp dragon (D)
  8 orc knights (D)
  A phantasmal warrior (D)
  2 deep elf magi (D)
  A merfolk siren (D)
  An elephant (D)
  A rust devil (D)
  2 gargoyles (D)
  A cane toad (D)
  A demonic crawler (D)
  A hellwing (D)
  An efreet (D)
  2 red devils (D)
  A guardian mummy (D)
  2 hornets (D)
  A blink frog (shapeshifter) (D)
  A polar bear (D)
  7 blink frogs (D)
  A flying skull (D)
  2 spriggans (D)
  2 tarantellas (D)
  A redback (D)
  A large abomination (D)
  5 yaks (D)
  3 wraiths (D)
  2 ynoxinuls (D)
  A basilisk (D)
  A fire elemental (D)
  A chaos spawn (D)
  A steam dragon (D)
  A soldier ant (D)
  A warg (D)
  An insubstantial wisp (D)
  A water moccasin (D)
  A swamp drake (D)
  A black bear (D)
  2 phantoms (D)
  2 ogres (D)
  A centaur (D)
  3 wolves (D)
  A gnoll sergeant (D)
  2 killer bees (D)
  2 crimson imps (D)
  An iron imp (D)
  2 hell rats (D)
  3 worker ants (D)
  8 gnolls (D)
  A river rat (D)
  2 adders (D)
  A worm (D)
  A leopard gecko (D)
  2 ball pythons (D)
  A bat skeleton (D)
  A bat (D)
  A leopard gecko simulacrum (D)
  2 rats (D)
119 creatures vanquished.

Vanquished Creatures (collateral kills)
  An orc warlord (D)
  A ghost moth (D)
  A sun demon (D)
  3 skeletal warriors (D)
  2 orc knights (D)
  An eye of devastation (D)
  4 blink frogs (D)
13 creatures vanquished.

Vanquished Creatures (others)
  A gnoll shaman (D)
  132 foxfires (D)
133 creatures vanquished.

Grand Total: 265 creatures vanquished

Notes
Turn   | Place    | Note
-------+----------+-------------------------------------------
     0 | D        | Conn the Octopode Fire Elementalist began the quest for the
                  | Orb.
     0 | D        | Reached XP level 1. HP: 11/11 MP: 3/3
    69 | D        | Found a bloodstained altar of Trog.
    69 | D        | Found a shimmering blue altar of Sif Muna.
    69 | D        | Found a viscous altar of Jiyva.
    69 | D        | Found a hazy altar of Hepliaklqana.
    69 | D        | Found an opulent altar of Gozag.
    70 | D        | Found a glowing golden altar of the Shining One.
    70 | D        | Found a glowing silver altar of Zin.
    70 | D        | Found a basalt altar of Yredelemnul.
    70 | D        | Found a shimmering altar of Xom.
    70 | D        | Found an ornate altar of the Wu Jian Council.
    70 | D        | Found a sacrificial altar of Ru.
    70 | D        | Found a stormy altar of Qazlal.
    70 | D        | Found an iron altar of Okawaru.
    70 | D        | Found a sparkling altar of Nemelex Xobeh.
    70 | D        | Found a burning altar of Makhleb.
    70 | D        | Found a blossoming altar of Fedhas.
    70 | D        | Found a white marble altar of Elyvilon.
    70 | D        | Found a shadowy altar of Dithmenos.
    70 | D        | Found a snail-covered altar of Cheibriados.
    71 | D        | Found a radiant altar of Vehumet.
    71 | D        | Found a corrupted altar of Lugonu.
    71 | D        | Found a roughly hewn altar of Beogh.
    72 | D        | Found an ancient bone altar of Kikubaaqudgha.
    72 | D        | Found a hide-covered altar of Uskayaw.
    72 | D        | Found a broken altar of Ashenzari.
    79 | D        | Became a worshipper of Vehumet
   101 | D        | Reached XP level 2. HP: 9/17 MP: 0/5
   265 | D        | Reached * piety under Vehumet
   265 | D        | Offered knowledge of Magic Dart by Vehumet.
   269 | D        | Reached skill level 3 in Spellcasting
   281 | D        | Reached skill level 5 in Fire Magic
   281 | D        | Reached XP level 3. HP: 13/21 MP: 2/7
   493 | D        | Reached ** piety under Vehumet
   493 | D        | Offered knowledge of Searing Ray by Vehumet.
   525 | D        | Reached skill level 5 in Stealth
   525 | D        | Reached XP level 4. HP: 11/27 MP: 7/9
   704 | D        | Learned a level 2 spell: Searing Ray
   708 | D        | Learned a level 3 spell: Conjure Flame
   713 | D        | Learned a level 4 spell: Sticky Flame
   767 | D        | Noticed an ogre
   792 | D        | Offered knowledge of Mephitic Cloud by Vehumet.
   793 | D        | Reached skill level 1 in Short Blades
   793 | D        | Reached skill level 4 in Spellcasting
   815 | D        | Killed an ogre
   815 | D        | Reached *** piety under Vehumet
   816 | D        | Reached skill level 1 in Fighting
   816 | D        | Reached XP level 5. HP: 33/33 MP: 2/12
   911 | D        | Learned a level 3 spell: Mephitic Cloud
   927 | D        | Reached skill level 5 in Spellcasting
   927 | D        | Reached skill level 1 in Air Magic
   927 | D        | Reached skill level 1 in Poison Magic
   927 | D        | Reached XP level 6. HP: 38/38 MP: 5/13
   928 | D        | Noticed a flying skull
   936 | D        | Offered knowledge of Ignite Poison by Vehumet.
   953 | D        | Reached **** piety under Vehumet
  1000 | D        | Killed a flying skull
  1001 | D        | Reached skill level 5 in Conjurations
  1001 | D        | Reached XP level 7. HP: 24/45 MP: 1/15
  1168 | D        | Offered knowledge of Frozen Ramparts by Vehumet.
  1177 | D        | Learned a level 3 spell: Frozen Ramparts
  1199 | D        | Reached skill level 6 in Spellcasting
  1365 | D        | Noticed a deep elf mage
  1368 | D        | Killed a deep elf mage
  1368 | D        | Reached ***** piety under Vehumet
  1368 | D        | Offered knowledge of Iskenderun's Mystic Blast by Vehumet.
  1369 | D        | Reached skill level 5 in Short Blades
  1369 | D        | Reached skill level 5 in Dodging
  1369 | D        | Reached skill level 7 in Spellcasting
  1369 | D        | Reached XP level 8. HP: 52/52 MP: 17/19
  1376 | D        | Learned a level 4 spell: Iskenderun's Mystic Blast
  1384 | D        | Noticed a redback
  1389 | D        | Killed a redback
  1461 | D        | Noticed a deep elf mage
  1465 | D        | Killed a deep elf mage
  1466 | D        | Reached skill level 8 in Spellcasting
  1466 | D        | Reached skill level 5 in Poison Magic
  1498 | D        | Reached XP level 9. HP: 41/58 MP: 14/21
  1617 | D        | Learned a level 5 spell: Fireball
  1617 | D        | Noticed a cane toad
  1621 | D        | Reached skill level 9 in Spellcasting
  1622 | D        | Killed a cane toad
  1677 | D        | Reached skill level 10 in Spellcasting
  1700 | D        | Reached skill level 10 in Conjurations
  1850 | D        | Learned a level 3 spell: Inner Flame
  1892 | D        | Reached skill level 5 in Fighting
  1895 | D        | Offered knowledge of Orb of Destruction by Vehumet.
  1963 | D        | Learned a level 7 spell: Orb of Destruction
  1967 | D        | Noticed a red devil
  1967 | D        | Noticed an elephant
  2013 | D        | Killed a red devil
  2014 | D        | Reached skill level 10 in Fire Magic
  2024 | D        | Killed an elephant
  2025 | D        | Reached XP level 10. HP: 42/66 MP: 2/24
  2194 | D        | Reached skill level 11 in Spellcasting
  2194 | D        | Reached skill level 1 in Translocations
  2289 | D        | Reached ****** piety under Vehumet
  2289 | D        | Offered knowledge of Bolt of Magma by Vehumet.
  2437 | D        | Noticed a gargoyle
  2443 | D        | Killed a gargoyle
  2450 | D        | Reached skill level 12 in Spellcasting
  2486 | D        | Offered knowledge of Conjure Ball Lightning by Vehumet.
  2731 | D        | Noticed a balrug
  2731 | D        | Noticed a deep elf mage
  2737 | D        | Killed a balrug
  2738 | D        | Reached skill level 13 in Spellcasting
  2738 | D        | Reached XP level 11. HP: 72/72 MP: 18/28
  2834 | D        | Noticed a phantasmal warrior
  2846 | D        | Killed a phantasmal warrior
  2931 | D        | Offered knowledge of Spellforged Servitor by Vehumet.
  2954 | D        | Learned a level 7 spell: Spellforged Servitor
  3008 | D        | Banished a deep elf mage
  3009 | D        | Reached skill level 1 in Summonings
  3009 | D        | Reached skill level 5 in Air Magic
  3040 | D        | Reached skill level 14 in Spellcasting
  3066 | D        | Offered knowledge of Freezing Cloud by Vehumet.
  3532 | D        | Noticed a swamp dragon
  3539 | D        | Killed a swamp dragon
  3540 | D        | Offered knowledge of Starburst by Vehumet.
  3608 | D        | Noticed an alligator snapping turtle
  3706 | D        | Killed an alligator snapping turtle
  3707 | D        | Reached skill level 15 in Spellcasting
  3894 | D        | Learned a level 6 spell: Starburst
  3923 | D        | Reached skill level 5 in Summonings
  3931 | D        | Noticed a boulder beetle
  3931 | D        | Noticed a sun demon
  3940 | D        | Killed a sun demon
  3941 | D        | Reached XP level 12. HP: 75/80 MP: 22/31
  3952 | D        | Offered knowledge of Lehudib's Crystal Spear by Vehumet.
  3952 | D        | Offered knowledge of Chain Lightning by Vehumet.
  3952 | D        | Offered knowledge of Absolute Zero by Vehumet.
  3966 | D        | Killed a boulder beetle
  4053 | D        | Noticed an orc warlord
  4054 | D        | Noticed an orc warlord
  4062 | D        | Noticed a minotaur
  4446 | D        | Reached skill level 16 in Spellcasting
  4468 | D        | Noticed a deep elf knight
  4471 | D        | Killed a deep elf knight
  4500 | D        | Killed an orc warlord
  4887 | D        | Killed a minotaur
  5109 | D        | Noticed a vault guard
  5117 | D        | Killed a vault guard
  5121 | D        | Killed an orc warlord
  5122 | D        | Reached skill level 17 in Spellcasting
  5296 | D        | Noticed a naga warrior
  5302 | D        | Killed a naga warrior
  5302 | D        | Noticed a naga warrior
  5303 | D        | Reached skill level 15 in Conjurations
  5303 | D        | Reached skill level 5 in Translocations
  5307 | D        | Killed a naga warrior
  5326 | D        | Reached XP level 13. HP: 53/86 MP: 1/34
  5740 | D        | Noticed a yaktaur captain
  5819 | D        | Reached skill level 18 in Spellcasting
  5959 | D        | Noticed a ghost moth
  5960 | D        | HP: 1/86 [poisoned by a ghost moth]
  5962 | D        | Killed a ghost moth
  6321 | D        | Killed a yaktaur captain
  6426 | D        | Got the +5 hand crossbow "Fiherenu" {penet, rC+}
  6641 | D        | Learned a level 3 spell: Inner Flame
  6651 | D        | Noticed a frost giant
  6660 | D        | Killed a frost giant
  6826 | D        | Learned a level 8 spell: Lehudib's Crystal Spear
  6833 | D        | Noticed a great orb of eyes
  6833 | D        | Noticed Snorg
  6833 | D        | Noticed a death cob
  6838 | D        | Noticed an emperor scorpion
  6840 | D        | Killed a death cob
  6840 | D        | Slain by a redback

Illustrated notes

Levels and vault maps discovered:
D:        pitsprint [storerooms_1, entrance_room_1, metal_vault_2, armoury_2,
          mini_pit_1, grid_room_1, main_hall_1, silver_pit, the_coven_2,
          the_vestibule_1, steel_vault_1, golden_pit, hallway_of_sentries,
          crystal_vault_6, iron_vault_1, final_vault]

Skill      XL: |  1  2  3  4  5  6  7  8  9 10 11 12 13 |
---------------+----------------------------------------+-----
Stealth        | 3 4 5 6 7 8 |  8.0
Fire Magic     | 4 5 6 7 8 9 10 11 12 | 12.5
Spellcasting   | 3 4 5 7 8 10 13 15 17 18 | 18.9
Dodging        | 3 4 5 6 7 8 |  8.0
Short Blades   | 1 2 3 5 6 7 8 9 |  9.3
Conjurations   | 3 4 5 7 8 10 11 12 15 16 | 16.8
Fighting       | 1 2 3 4 5 6 7 |  7.3
Air Magic      | 1 3 4 5 |  5.9
Poison Magic   | 1 4 5 6 7 |  7.7
Translocations | 3 4 5 |  5.6
Summonings     | 5 6 |  6.7
Shields        | 3 |  3.6
Earth Magic    | |  0.6

Action                   |  1- 3 |  4- 6 |  7- 9 | 10-12 | 13-15 || total
-------------------------+-------+-------+-------+-------+-------++-------
Melee: Dagger            |    22 |     8 |    30 |       |       ||    60
       Constrict         |     6 |     2 |     5 |     8 |       ||    21
       Tentacles         |     5 |       |     7 |     6 |       ||    18
       Rapier            |       |       |     6 |    47 |     1 ||    54
 Cast: Foxfire           |     8 |    15 |    19 |    24 |     8 ||    74
       Searing Ray       |       |     2 |     3 |    10 |     1 ||    16
       Conjure Flame     |       |     1 |       |       |       ||     1
       Mephitic Cloud    |       |     3 |     3 |    13 |     3 ||    22
       Iskenderun's Myst |       |       |     8 |    13 |     4 ||    25
       Sticky Flame      |       |       |     2 |     4 |     1 ||     7
       Fireball          |       |       |     1 |    23 |    10 ||    34
       Orb of Destructio |       |       |       |    30 |    10 ||    40
       Spellforged Servi |       |       |       |     2 |     3 ||     5
       Starburst         |       |       |       |       |     1 ||     1
  Use: Potion            |       |     1 |       |     1 |     2 ||     4
       Scroll            |       |       |     3 |       |     2 ||     5
 Stab: Sleeping          |     2 |       |     5 |     4 |       ||    11
       Confused          |       |     1 |     2 |     2 |       ||     5
Armor: Skin              |     5 |       |       |     1 |       ||     6
Dodge: Dodged            |    15 |     4 |    20 |    39 |    18 ||    96

Table legend: (Time is in decaauts)
 A = Elapsed time spent in this place.
 B = Non-inter-level travel time spent in this place.
 C = Inter-level travel time spent in this place.
 D = Time resting spent in this place.
 E = Time spent auto-exploring this place.
 F = Levels seen in this place.
 G = Mean time per level.
                   A        B        C        D        E       F      G
               +--------+--------+--------+--------+--------+-----+--------+
         Total |   6804 |   6795 |      9 |   3947 |      0 |   1 | 6804.0 |
       Dungeon |   6804 |   6795 |      9 |   3947 |      0 |   1 | 6804.0 |
               +--------+--------+--------+--------+--------+-----+--------+

Top non-repeatable levels by time:
       D: 6804 daAuts
